 Dungeon Crawl Stone Soup version 0.31.0-32-g396128a36d (webtiles) character file.

Game seed: 1102428672758255101

8466 PaiMei the Artisan of Death (level 11, -11/89 HPs)
             Began as a Demonspawn Necromancer on Mar 29, 2024.
             Was a Priest of Kikubaaqudgha.
             Mangled by a four-headed hydra (14 damage)
             ... on level 9 of the Dungeon.
             The game lasted 00:18:11 (11516 turns).

PaiMei the Artisan of Death (DsNe)                 Turns: 11516, Time: 00:18:11

Health: -11/89     AC:  7    Str:  9    XL:     11   Next: 10%
Magic:  1/23       EV: 15    Int: 20    God:    Kikubaaqudgha [***...]
Gold:   522        SH:  0    Dex: 13    Spells: 7/26 levels left

rFire   + . .        w - +4 dagger
rCold   . . .        (no shield)
rNeg    . . .        a - +0 robe
rPois   .            j - +0 helmet
rElec   .            (no cloak)
rCorr   .            l - +0 pair of gloves
SInv    .            g - +0 pair of boots
Will    +....        D - amulet of regeneration
Stlth   +            e - ring of willpower
HPRegen 1.14/turn    B - ring of protection from fire
MPRegen 0.18/turn

%: no passive effects
@: on fire, glowing
A: rugged brown scales 2, foul stench 3, demonic magic 2, demonic touch 1
a: Renounce Religion, Unearth Wretches


You were on level 9 of the Dungeon.
You worshipped Kikubaaqudgha.
Kikubaaqudgha was most pleased with you.
You visited 2 branches of the dungeon, and saw 10 of its levels.

You collected 617 gold pieces.
You spent 95 gold pieces at shops.

Inventory:

Hand Weapons
 n - a +0 dagger
 w - a +4 dagger (weapon)
Missiles
 d - a throwing net
 L - 2 datura-tipped darts (quivered)
Armour
 a - a +0 robe (worn)
 g - a +0 pair of boots (worn)
 h - an orb of guile
 j - a +0 helmet (worn)
 l - a +0 pair of gloves (worn)
 G - a +1 scale mail of poison resistance
Jewellery
 e - a ring of willpower (left hand)
 B - a ring of protection from fire (right hand)
 D - an amulet of regeneration (around neck)
Wands
 C - a wand of light (15)
 E - a wand of polymorph (7)
 F - a wand of iceblast (15)
Scrolls
 c - 2 scrolls of fog
 f - a scroll of fear {unknown}
 k - 3 scrolls of revelation
 p - 2 scrolls of summoning {unknown}
 q - 3 scrolls of teleportation {unknown}
 r - a scroll of acquirement {unknown}
 t - 3 scrolls of blinking
 v - 2 scrolls of amnesia {unknown}
 y - a scroll of immolation {unknown}
 I - 3 scrolls of identify
 K - a scroll of enchant weapon {unknown}
Potions
 b - 2 potions of magic
 i - 3 potions of heal wounds
 m - 3 potions of enlightenment
 o - 2 potions of brilliance
 s - a potion of resistance {unknown}
 u - 9 potions of curing
 x - a potion of degeneration {unknown}
 z - a potion of berserk rage {unknown}
 A - a potion of mutation {unknown}
 H - a potion of invisibility {unknown}
 J - a potion of attraction {unknown}


   Skills:
 + Level 7.7 Fighting
 + Level 8.2 Dodging
 - Level 4.0 Stealth
 + Level 8.2 Spellcasting
 + Level 10.5 Necromancy


You had 7 spell levels left.
You knew the following spells:

 Your Spells              Type           Power      Damage    Failure   Level
a - Necrotise             Necr           100%       1d9       1%          1
b - Vampiric Draining     Necr           50%        2d9       1%          3
c - Animate Dead          Necr           50%        N/A       1%          4
d - Curse of Agony        Necr           50%        N/A       3%          5
e - Sublimation of Blood  Necr           50%        N/A       1%          2
f - Dispel Undead         Necr           50%        3d19      1%          4

Your spell library contained the following spells:

 Spells                   Type           Power      Damage    Failure   Level
 Kiss of Death            Conj/Necr      100%       2d13      1%          1
 Anguish                  Hex/Necr       14%        N/A       10%         4
 Martyr's Knell           Necr/Summ      29%        N/A       10%         4
 Call Imp                 Summ           16%        N/A       13%         2
 Death Channel            Necr           25%        N/A       17%         6
 Summon Hydra             Summ           4%         N/A       100%        7


Dungeon Overview and Level Annotations

Branches:
Dungeon (9/15)             Temple (1/1) D:4             Orc (0/2) D:9
   Lair: D:8-11

Altars:
Ashenzari
Cheibriados
Dithmenos
Fedhas
Gozag
Hepliaklqana
Kikubaaqudgha
Makhleb
Nemelex Xobeh
Okawaru
Qazlal
Ru
Sif Muna
Trog
Uskayaw
Vehumet
Wu Jian
Xom
Yredelemnul

Shops:
D:4 (   D:5 (?   D:8 *


Innate Abilities, Weirdness & Mutations

You are mostly covered in rugged brown scales. (AC +2, +5% HP)
You frequently emit foul miasma when damaged in melee.
Spells you cast may paralyse nearby enemies.
Your touch may inflict minor irresistible damage on your foes.


Message History

Confirm with . or Enter, or press ? or * to list all spells.
Aiming: Vampiric Draining (safe; 1% risk of failure)
Press: ? - help, Shift-Dir - straight line, f/p - deep elf pyromancer
Aim: a deep elf pyromancer, wielding a +0 rapier (almost dead)
You draw life force from the deep elf pyromancer.
You feel life coursing into your body. Malevolent energies surge around you.
The four-headed hydra suddenly stops moving!
The liquid fire burns you!
The deep elf pyromancer gestures at you while chanting.
The bolt of fire hits you! You resist.
Casting: Vampiric Draining (safe; 1% risk of failure)
Confirm with . or Enter, or press ? or * to list all spells.
Aiming: Vampiric Draining (safe; 1% risk of failure)
Press: ? - help, Shift-Dir - straight line, f/p - deep elf pyromancer
Aim: a deep elf pyromancer, wielding a +0 rapier (almost dead)
You draw life force from the deep elf pyromancer!
You kill the deep elf pyromancer!
Kikubaaqudgha accepts your kill. Malevolent energies surge around you.
The liquid fire burns you!
You shake off some of the fire as you move.
The liquid fire burns you!
The four-headed hydra is no longer paralysed.
The four-headed hydra bites you.
The four-headed hydra bites you but does no damage.
The four-headed hydra bites you!
* * * LOW HITPOINT WARNING * * *
You emit a cloud of foul miasma!
The four-headed hydra bites you but does no damage.
You hit the four-headed hydra.
The four-headed hydra is lightly wounded.
The liquid fire burns you!
* * * LOW HITPOINT WARNING * * *
The four-headed hydra is engulfed in dark miasma.
The four-headed hydra seems to slow down.
The four-headed hydra bites you!
* * * LOW HITPOINT WARNING * * *
The four-headed hydra bites you!
You die...
Kikubaaqudgha rasps: "You have failed me!
Welcome... death!"

...z..#
...##.# #.##
z# ### ...z
.z #.. #...
.z #.#
####.##
##.....#
#......# .
###D@#####
## #..
#..#..)..#
<###....
#....#..##.#
).....#
#.#.##..##.#
....### #.
.# #..##.#
..### .. ..
#..##.# ###
#e l#.
#.###.# # .
.#. #.# #.#
.# . #.# #.#


You could see a four-headed hydra (slow).

Vanquished Creatures
  A boulder beetle (D:9)
  A deep elf pyromancer (D:9)
  A manticore (D:9)
  Joseph (D:7)
  5 unseen horror zombies (D:9)
  Grinder (D:5)
  A shadow (D:9)
  A wraith (D:9)
  A wyvern (D:7)
  A basilisk (D:9)
  3 steam dragons
  2 sky beasts
  8 orc warriors
  Duvessa (D:7)
  2 ice beasts
  5 black bears
  3 ogres (D:6)
  4 centaurs
  4 bullfrogs
  2 gnoll sergeants
  4 scorpions
  A wight (D:9)
  Dowan (D:7)
  3 howler monkeys
  An electric eel (D:6)
  A jelly (D:6)
  2 bombardier beetles
  A centaur zombie (D:9)
  6 hounds
  6 orc priests
  A gnoll bouda (D:7)
  An iguana (D:4)
  A sleepcap (D:8)
  Natasha (thrice) (D:2)
  8 orc wizards
  3 howler monkey zombies (D:9)
  4 adders
  6 gnolls
  3 shadow imps
  2 white imps
  2 ufetubi (D:6)
  A dart slug (D:3)
  A ribbon worm (D:4)
  52 orcs
  7 ball pythons
  5 endoplasms
  2 giant cockroaches (D:1)
  16 goblins
  7 hobgoblins
  4 jackals (D:2)
  3 quokkas
  6 bats
  A frilled lizard (D:2)
  6 kobolds
  A rat (D:2)
220 creatures vanquished.

Vanquished Creatures (collateral kills)
  A gnoll (D:3)
  An orc (D:3)
  A ball python (D:2)
  A quokka (D:4)
4 creatures vanquished.

Vanquished Creatures (others)
  2 orc zombies (D:7)
2 creatures vanquished.

Grand Total: 226 creatures vanquished

Notes
Turn   | Place    | Note
-------+----------+-------------------------------------------
     0 | D:1      | PaiMei the Demonspawn Necromancer began the quest for the
                  | Orb.
     0 | D:1      | Reached XP level 1. HP: 13/13 MP: 3/3
   657 | D:1      | Gained mutation: Your touch may inflict minor irresistible
                  | damage on your foes. [demonic ancestry]
   657 | D:1      | Reached XP level 2. HP: 19/19 MP: 3/5
  1195 | D:1      | Found a faded altar of an unknown god.
  1567 | D:2      | Noticed Natasha
  1578 | D:2      | Killed Natasha
  1579 | D:2      | Gained mutation: Spells you cast may paralyse adjacent
                  | enemies. [demonic ancestry]
  1579 | D:2      | Reached XP level 3. HP: 2/24 MP: 0/6
  1585 | D:2      | HP: 1/24 [goblin/+0 dagger (1)]
  1958 | D:2      | Gained mutation: Spells you cast may paralyse nearby
                  | enemies. [demonic ancestry]
  1958 | D:2      | Reached XP level 4. HP: 30/30 MP: 1/7
  2401 | D:2      | Noticed Natasha
  2408 | D:2      | Killed Natasha
  2409 | D:2      | Reached skill level 5 in Necromancy
  2458 | D:2      | Noticed Natasha
  2467 | D:2      | Killed Natasha
  2745 | D:2      | Reached XP level 5. HP: 35/35 MP: 7/9
  3745 | D:4      | Noticed a phantom
  3867 | D:4      | Found a sparkling altar of Nemelex Xobeh.
  4035 | D:4      | Gained mutation: You may rarely emit foul miasma when
                  | damaged in melee. [demonic ancestry]
  4035 | D:4      | Reached XP level 6. HP: 34/41 MP: 3/11
  4148 | D:4      | Found Koymoena's Weapon Boutique.
  4335 | D:4      | Found a staircase to the Ecumenical Temple.
  4345 | Temple   | Entered the Ecumenical Temple
  4353 | Temple   | Became a worshipper of Kikubaaqudgha
  4664 | D:4      | Reached skill level 6 in Necromancy
  4664 | D:4      | Gained mutation: You sometimes emit foul miasma when
                  | damaged in melee. [demonic ancestry]
  4664 | D:4      | Reached XP level 7. HP: 46/46 MP: 8/12
  4709 | D:5      | Entered Level 5 of the Dungeon
  4975 | D:5      | Reached skill level 1 in Fighting
  5001 | D:5      | Found Ilai's Weapon Shoppe.
  5016 | D:5      | Noticed Grinder
  5041 | D:5      | Killed Grinder
  5203 | D:5      | Gained mutation: You are partially covered in rugged brown
                  | scales. (AC +1, +3% HP) [demonic ancestry]
  5203 | D:5      | Reached XP level 8. HP: 39/58 MP: 14/14
  5207 | D:5      | Learned a level 3 spell: Vampiric Draining
  5212 | D:5      | Learned a level 4 spell: Animate Dead
  5218 | D:5      | Learned a level 5 spell: Curse of Agony
  5301 | D:5      | Found Kaisilad's Magic Scroll Emporium.
  5304 | D:5      | Bought a scroll of blinking for 75 gold pieces
  5811 | D:5      | Bought a scroll of identify for 20 gold pieces
  5931 | D:6      | Reached skill level 5 in Spellcasting
  5931 | D:6      | Reached skill level 7 in Necromancy
  5932 | D:6      | Reached * piety under Kikubaaqudgha
  5932 | D:6      | Received a gift from Kikubaaqudgha
  5936 | D:6      | Reached skill level 5 in Dodging
  6514 | D:6      | Reached XP level 9. HP: 64/67 MP: 7/17
  6863 | D:6      | Reached skill level 8 in Necromancy
  7351 | D:7      | Noticed Duvessa
  7354 | D:7      | Noticed Dowan
  7371 | D:7      | Killed Duvessa
  7373 | D:7      | Killed Dowan
  7437 | D:7      | Reached ** piety under Kikubaaqudgha
  7438 | D:7      | Reached skill level 5 in Fighting
  7947 | D:7      | Noticed Joseph
  7963 | D:7      | Killed Joseph
  7964 | D:7      | Reached skill level 9 in Necromancy
  8140 | D:7      | Noticed a boulder beetle
  8260 | D:7      | Gained mutation: You frequently emit foul miasma when
                  | damaged in melee. [demonic ancestry]
  8260 | D:7      | Reached XP level 10. HP: 78/78 MP: 3/20
  8821 | D:7      | Learned a level 2 spell: Sublimation of Blood
  8934 | D:8      | Found Picaetoo's Overcharged Wands.
  9319 | D:8      | Found a broken altar of Ashenzari.
  9321 | D:8      | Found a radiant altar of Vehumet.
  9322 | D:8      | Found a stormy altar of Qazlal.
 10223 | D:9      | Found a sacrificial altar of Ru.
 10328 | D:9      | Noticed a two-headed ogre
 10390 | D:9      | Found a staircase to the Orcish Mines.
 10603 | D:9      | Reached *** piety under Kikubaaqudgha
 10603 | D:9      | Received a gift from Kikubaaqudgha
 10609 | D:9      | Learned a level 4 spell: Dispel Undead
 10665 | D:9      | Found a basalt altar of Yredelemnul.
 10751 | D:9      | Reached skill level 10 in Necromancy
 11323 | D:9      | Noticed a manticore
 11338 | D:9      | Killed a manticore
 11338 | D:9      | Noticed a boulder beetle
 11353 | D:9      | Killed a boulder beetle
 11354 | D:9      | Gained mutation: You are mostly covered in rugged brown
                  | scales. (AC +2, +5% HP) [demonic ancestry]
 11354 | D:9      | Reached XP level 11. HP: 49/88 MP: 4/23
 11489 | D:9      | Noticed a deep elf pyromancer
 11512 | D:9      | Noticed a four-headed hydra
 11514 | D:9      | Killed a deep elf pyromancer
 11516 | D:9      | HP: 3/89 [four-headed hydra (14)]
 11516 | D:9      | Mangled by a four-headed hydra

Illustrated notes

Levels and vault maps discovered:
D:1:      dpeg_arrival_circle_labyrinth_c, layout_basic,
          hellmonk_ecumenical_altar_leap_of_faith, st_stairs_8,
          roderic_lattice_a
D:2:      layout_basic, uniq_natasha
D:3:      layout_basic
D:4:      layout_basic, mainiacjoe_overflow_tiny_flanked,
          minmay_temple_entry_overgrown, serial_shops, kennysheep_mini_moat
D:5:      layout_loops_ring, serial_shops, nicolae_shop_stone,
          nicolae_shop_rolled_up, uniq_grinder
D:6:      layout_gridville, serial_bayou, serial_bayou_pond_e,
          serial_bayou_pond_a, serial_bayou_lagoon_a, serial_bayou_crossing,
          minmay_ogre_servants
D:7:      kb_forest_paths, layout_cave_pods, mainiacjoe_overflow_brackets,
          grunt_ministairs_10, uniq_joseph, uniq_duvessa
D:8:      layout_loops_ring, minitemple, serial_library_hellmonk_big_corner,
          nicolae_shop_overcharged_wands
D:9:      minmay_the_grid_triangle_9x9_recursive_2_mashed
          [minmay_the_grid_triangle_9x9_prize_special,
          minmay_the_grid_triangle_9x9_swiss_cheese,
          minmay_the_grid_triangle_9x9_zippers_vertical,
          minmay_the_grid_triangle_9x9_descending_squares], layout_loops_ring,
          nicolae_ru_path_of_blood, nicolae_yredelemnul_corpse_copse,
          orc_0_dummy, special_room [special_room_orc]
Temple:   nicolae_temple_great_sept

Skill      XL: |  1  2  3  4  5  6  7  8  9 10 |
---------------+-------------------------------+-----
Stealth        | 2 3 4 |  4.0
Dodging        | 2 3 4 5 6 8 |  8.2
Necromancy     | 5 6 7 9 10 | 10.5
Spellcasting   | 3 4 5 6 8 |  8.2
Fighting       | 2 4 6 7 |  7.7

Action                     |  1- 3 |  4- 6 |  7- 9 | 10-12 || total
---------------------------+-------+-------+-------+-------++-------
  Melee: Unarmed           |    12 |       |       |       ||    12
         Touch             |     1 |     3 |    20 |    39 ||    63
         Dagger            |     3 |    17 |   121 |   162 ||   303
         Punch             |       |       |     1 |     5 ||     6
   Cast: Necrotise         |    62 |   116 |    64 |    19 ||   261
         Vampiric Draining |       |       |    50 |    39 ||    89
         Animate Dead      |       |       |     1 |       ||     1
         Dispel Undead     |       |       |       |     9 ||     9
         Curse of Agony    |       |       |       |     4 ||     4
         Sublimation of Bl |       |       |       |     1 ||     1
    Use: Scroll            |       |       |       |     6 ||     6
   Stab: Paralysed         |     2 |    10 |    39 |    25 ||    76
         Sleeping          |       |     1 |     1 |     1 ||     3
 Armour: Robe              |    15 |    18 |    93 |   142 ||   268
  Dodge: Dodged            |    24 |    13 |   110 |   159 ||   306
